 Dungeon Crawl Stone Soup version 0.30-a0-949-g53dc5368d7 (webtiles) character file.

Game seed: 13781025551819341102

0 qeuew the Shield-Bearer (level 1, 18/18 HPs)
             Began as a Formicid Fighter on Mar 27, 2023.
             Quit the game on level 1 of the Dungeon.
             The game lasted 00:00:14 (88 turns).

qeuew the Shield-Bearer (Formicid Fighter)            Turns: 88, Time: 00:00:15

Health: 18/18      AC:  6    Str: 20    XL:     1   Next: 11%
Magic:  1/1        EV:  9    Int:  7    God:
Gold:   19         SH:  5    Dex: 13    Spells: 0/0 levels left

rFire   . . .      SeeInvis +    a - +0 war axe
rCold   . . .      Faith    .    c - +0 buckler
rNeg    . . .      Spirit   .    b - +0 scale mail
rPois   .          Reflect  .    (helmet unavailable)
rElec   .          Rampage  .    (no cloak)
rCorr   .                        (no gloves)
Will    .....                    (no boots) Stlth
                                 (no amulet)
HPRegen 0.23/turn                (no ring)
MPRegen 0.07/turn                (no ring)

@: no status effects
A: permanent stasis, dig shafts and tunnels, antennae 3, four strong arms
a: Dig, Shaft Self


You were on level 1 of the Dungeon.
You visited 1 branch of the dungeon, and saw 1 of its levels.

You collected 19 gold pieces.

Inventory:

Hand Weapons
 a - a +0 war axe (weapon)
Armour
 b - a +0 scale mail (worn)
 c - a +0 buckler (worn)
Scrolls
 e - a scroll of immolation {unknown}
 f - a scroll of teleportation {unknown}
 g - a scroll of identify {unknown}
Potions
 d - a potion of might
 h - a potion of brilliance {unknown}


   Skills:
 + Level 3.2 Fighting
 * Level 2.0 Axes
 * Level 3.3 Armour
 + Level 0.0 Dodging
 + Level 4.0 Shields


You couldn't memorise any spells.
You didn't know any spells.
Your spell library was empty.

Dungeon Overview and Level Annotations

Branches:
Dungeon (1/15)

Altars:


Innate Abilities, Weirdness & Mutations

You cannot be hasted, slowed, berserked, paralysed or teleported.
You can dig through walls and to a lower floor.
You have a pair of large antennae on your head. (SInv)
Your four strong arms can wield two-handed weapons with a shield.


Message History

There is a large open door here.
A rat comes into view.
A rat is nearby!
You closely miss the rat. You hit the plant.
The plant begins to die.
The rat bites you but does no damage.
You hit the rat.
You kill the rat!
You slash the plant!
No target in view!
No target in view!
No target in view!
No target in view!
No target in view!
No target in view!
No target in view!
No target in view!
No target in view!
No target in view!
No target in view!
No target in view!
A nearby plant withers and dies.
e - a scroll labelled XEEQUZ QAOP You sense a monster nearby.
f - a scroll labelled UDDITH SECWAG
g - a scroll labelled SUEXASH LUXAA You open the door.
There is an open door here.
You open the door.
There is an open door here.
You now have 8 gold pieces.
You now have 19 gold pieces (gained 11).
h - a bubbling purple potion No target in view!
No target in view!
No target in view!
No target in view!
No target in view!
No target in view!
No target in view!
Are you sure you want to abandon this character and quit the game? (Confirm with "yes".)

.# ######.#
.......#$
##.....#.#
##.....#.#####+###
.....###.........#
.......#.........#
###.##.#.........#
.......#........@#
###.####.........#
. #..............#
#.#.#####........#
#...# ............
...##
##.#####.####. .#.
#. #+# # ... #.
### #.


There were no monsters in sight!

Vanquished Creatures
  A rat (D:1)
1 creature vanquished.

Vanquished Creatures (others)
  A plant (D:1)
1 creature vanquished.

Grand Total: 2 creatures vanquished

Notes
Turn   | Place    | Note
-------+----------+-------------------------------------------
     0 | D:1      | qeuew the Formicid Fighter began the quest for the Orb.
     0 | D:1      | Reached XP level 1. HP: 18/18 MP: 1/1
    88 | D:1      | Quit the game

Illustrated notes

Levels and vault maps discovered:
D:1:      denvon_arrival_planthouse, layout_basic

Action                     || total
---------------------------++-------
  Melee: War axe           ||     2
 Armour: Scale mail        ||     1

Table legend: (Time is in decaauts)
 A = Elapsed time spent in this place.
 B = Non-inter-level travel time spent in this place.
 C = Inter-level travel time spent in this place.
 D = Time resting spent in this place.
 E = Time spent auto-exploring this place.
 F = Levels seen in this place.
 G = Mean time per level.
                   A        B        C        D        E       F      G
               +--------+--------+--------+--------+--------+-----+--------+
         Total |     89 |     89 |      0 |      0 |     76 |   1 |   89.0 |
       Dungeon |     89 |     89 |      0 |      0 |     76 |   1 |   89.0 |
               +--------+--------+--------+--------+--------+-----+--------+

Top non-repeatable levels by time:
     D:1: 89 daAuts
